Heat vs Reign
(R1)
Created - April 1, 2022 at 19:03
Goals
|
| Heat |
2 |
0 |
3 |
0 |
0 |
5 |
| Reign |
0 |
2 |
3 |
0 |
1 |
6 |
|
Shots
|
| Heat |
10 |
16 |
20 |
0 |
4 |
46 |
| Reign |
8 |
9 |
8 |
0 |
4 |
25 |
|
1st period
1. Heat , Kevin Labanc 31 (John Gilmour 6) at 2:45
2. Heat , Philip Varone 10 (Rasmus Andersson 21) at 15:13 (PP)
Penalties :
Andreas Martinsen (Ont) for Close Hand On Puck (Minor) at 7:43, Rasmus Andersson (Sto) for Hooking (Minor) at 10:03, William Nylander (Ont) for Tripping (Minor) at 14:18, Philip Varone (Sto) for Holding (Minor) at 16:27
2nd period
3. Reign , William Nylander 29 (Thomas Chabot 23, Matthew Tkachuk 16) at 6:26
4. Reign , William Nylander 30 (Nikita Tryamkin 12, Joachim Blichfeld 19) at 19:17
Penalties :
Greg Pateryn (Sto) for Holding Stick (Minor) at 7:02, Thomas Chabot (Ont) for Interference (Minor) at 13:40, Greg Pateryn (Sto) for High sticking (Minor) at 19:54
3rd period
5. Reign , William Nylander 31 (Thomas Chabot 24, Rourke Chartier 22) at 0:09 (PP)
6. Heat , Victor Rask 20 (Jake DeBrusk 16) at 10:38
7. Heat , Eric Karlsson 1 (Rasmus Andersson 22, Nico Sturm 12) at 14:19
8. Reign , Matthew Tkachuk 14 (Jack Dougherty 6, William Nylander 34) at 17:25
9. Heat , Peter Cehlarik 10 (Rasmus Andersson 23, Ryan Spooner 19) at 17:51
10. Reign , Thomas Chabot 9 (William Nylander 35) at 18:16 (PP)
Penalties :
Jakob Chychrun (Ont) for Roughing (Minor) at 3:51, Eric Gustafsson (Ont) for High sticking (Minor) at 6:35, Barclay Goodrow (Sto) for Delaying the game (Minor) at 18:06
Overtime #1
No Goal
Penalties :
No Penalty
Shootout
Heat, Matthew Nieto - Shot Misses the Net
Reign, Rourke Chartier - Shot Misses the Net
Heat, Jake DeBrusk - Stopped by Cal Petersen
Reign, Nathan Gerbe - Shot Misses the Net
Heat, Kevin Labanc - Shot Misses the Net
Reign, Phillip Danault - Stopped by Michael Hutchinson
Heat, Evgeny Svechnikov - Stopped by Cal Petersen
Reign, Tyler Pitlick - Goal!
Penalties :
No Penalty
Goalie Stats
Michael Hutchinson (Sto), 20 saves from 25 shots - (0.800), OTL, 19-13-5, 65:00 minutes
Cal Petersen (Ont), 41 saves from 46 shots - (0.891), W, 1-0-1, 65:00 minutes
Players Stats for Heat
Player Name G A P +/- PIM S H SB GA TA FO MP PP MP PK MP
------------------------------------------------------------------------------------
Barclay Goodrow 0 0 0 0 2 1 3 0 0 0 0/0 11:50 0:04 0:00
Eric Karlsson 1 0 1 0 0 2 1 0 0 0 0/1 8:02 0:00 0:54
Evgeny Svechnikov 0 0 0 0 0 1 0 0 0 0 1/1 16:41 4:25 1:35
Frank Corrado 0 0 0 -1 0 1 0 1 0 1 0/0 22:30 3:45 3:03
Greg Pateryn 0 0 0 -1 4 3 1 0 0 0 0/0 21:01 3:45 1:59
Jake DeBrusk 0 1 1 0 0 4 0 1 1 1 0/0 18:52 4:25 3:53
Jesper Bratt 0 0 0 0 0 2 0 1 0 1 0/0 6:35 0:00 0:00
John Gilmour 0 1 1 0 0 1 1 1 0 1 0/0 14:06 0:37 0:10
Kevin Labanc 1 0 1 1 0 3 1 0 1 0 0/1 20:52 4:09 0:00
Mathieu Brodeur 0 0 0 2 0 4 3 1 0 0 0/0 29:29 5:06 3:19
Matthew Nieto 0 0 0 1 0 5 2 1 1 0 0/0 21:34 4:13 0:00
Nico Sturm 0 1 1 0 0 1 2 0 0 0 4/5 11:59 0:13 1:35
Peter Cehlarik 1 0 1 0 0 4 0 0 0 0 1/1 11:56 0:00 1:10
Philip Varone 1 0 1 1 2 7 4 0 0 1 20/33 23:27 3:59 2:51
Rasmus Andersson 0 3 3 2 2 2 0 1 3 0 0/0 28:14 4:29 2:30
Ryan Spooner 0 1 1 0 0 1 1 0 3 1 3/7 15:00 0:46 0:46
Trevor Carrick 0 0 0 0 0 1 1 3 0 2 0/0 14:44 0:00 1:43
Victor Rask 1 0 1 0 0 3 1 0 0 0 8/13 16:41 4:19 0:00
Players Stats for Reign
Player Name G A P +/- PIM S H SB GA TA FO MP PP MP PK MP
------------------------------------------------------------------------------------
Andreas Martinsen 0 0 0 0 2 1 4 1 0 0 2/2 18:12 2:58 2:43
C.J Suess 0 0 0 -1 0 2 1 1 0 0 1/1 13:42 0:00 0:43
Dylan Blujus 0 0 0 -1 0 0 3 4 0 1 0/0 20:00 0:00 5:01
Eric Gustafsson 0 0 0 0 2 3 3 0 0 0 0/0 20:53 3:01 0:55
Jack Dougherty 0 1 1 1 0 0 1 1 0 0 0/0 8:52 3:01 0:00
Jacob Josefson 0 0 0 -1 0 0 0 1 1 2 5/9 13:16 0:00 0:59
Jakob Chychrun 0 0 0 0 2 2 0 0 0 1 0/0 17:46 3:21 0:00
Joachim Blichfeld 0 1 1 -1 0 1 0 1 1 0 0/0 11:48 0:48 0:00
Joel Eriksson Ek 0 0 0 -1 0 1 0 0 1 0 4/10 13:50 0:00 3:50
Jordan Schmaltz 0 0 0 -1 0 1 1 2 0 1 0/0 19:57 0:00 4:50
Josh Anderson 0 0 0 -1 0 0 1 0 0 0 0/1 10:13 0:00 0:00
Logan Stanley 0 0 0 1 0 0 0 1 0 0 0/0 5:10 0:00 0:00
Matthew Tkachuk 1 1 2 1 0 2 4 1 1 1 0/1 16:34 3:15 0:00
Nathan Gerbe 0 0 0 0 0 3 1 1 0 1 3/11 13:32 2:58 0:00
Nikita Tryamkin 0 1 1 -1 0 0 1 0 1 2 0/0 18:36 0:00 4:01
Phillip Danault 0 0 0 -1 0 0 1 0 0 0 0/0 12:12 0:00 2:28
Rourke Chartier 0 1 1 1 0 1 3 0 0 0 7/23 16:43 3:24 0:00
Thomas Chabot 1 2 3 -1 2 2 1 2 2 0 0/0 20:44 3:21 2:55
Tyler Pitlick 0 0 0 0 0 1 1 0 0 0 3/3 19:46 2:19 4:45
William Nylander 3 2 5 1 2 5 0 0 1 0 0/1 19:18 3:24 2:14
3 Stars
1 - William Nylander (Ont)
2 - Matthew Tkachuk (Ont)
3 - Thomas Chabot (Ont)
Power Play
Heat - 1 on 5 Attempt(s) - 20.00%
Reign - 2 on 5 Attempt(s) - 40.00%
Penalty Kill
Heat - 3 on 5 Attempt(s) - 60.00%
- Score 0 goal in Penalty Kill
Reign - 4 on 5 Attempt(s) - 80.00%
- Score 0 goal in Penalty Kill
Team Stat
Heat - Hits : 21 - Faceoff Wins : 37 - Blocked Shots : 10 - Penalty Minutes : 10
Reign - Hits : 26 - Faceoff Wins : 25 - Blocked Shots : 16 - Penalty Minutes : 10
Official
Referees : Chris Schlenker and Brad Meier
Linesman : Andrew Smith and Ryan Daisy
Game Notes
William Nylander has scored a Hat Trick!
Finance
Level 1 -- Attendance: 1719 (85.95%) -- Ticket Income $60,165
Level 2 -- Attendance: 843 (84.30%) -- Ticket Income $12,645
Total Attendance: 2562 (85.40%)
Total Ticket Income: $72,810
Other Income: $3,640
Total Income: $76,450
Heat
5 vs 5 Forward
Center Left Wing Right Wing Time % Phy DF OF
1 Philip Varone Matthew Nieto Kevin Labanc 40 1 2 2
2 Victor Rask Jake DeBrusk Evgeny Svechnikov 30 1 2 2
3 Ryan Spooner Peter Cehlarik Barclay Goodrow 20 1 2 2
4 Nico Sturm Jesper Bratt Eric Karlsson 10 1 2 2
5 vs 5 Defense
Defense Defense Time % Phy DF OF
1 Mathieu Brodeur Rasmus Andersson 40 1 2 2
2 Frank Corrado Greg Pateryn 30 1 2 2
3 John Gilmour Trevor Carrick 20 1 2 2
4 Mathieu Brodeur Rasmus Andersson 10 1 2 2
PowerPlay Forward
Center Left Wing Right Wing Time % Phy DF OF
1 Victor Rask Matthew Nieto Kevin Labanc 60 1 2 2
2 Philip Varone Jake DeBrusk Evgeny Svechnikov 40 1 2 2
PowerPlay Defense
Defense Defense Time % Phy DF OF
1 Mathieu Brodeur Rasmus Andersson 60 1 2 2
2 Frank Corrado Greg Pateryn 40 1 2 2
Penalty Kill 4 Players Forward
Center Wing Time % Phy DF OF
1 Philip Varone Jake DeBrusk 60 1 2 2
2 Nico Sturm Evgeny Svechnikov 40 1 2 2
Penalty Kill 4 Players Defense
Defense Defense Time % Phy DF OF
1 Mathieu Brodeur Rasmus Andersson 60 1 2 2
2 Frank Corrado Greg Pateryn 40 1 2 2
Penalty Kill - 3 Players Forward
Forward Time % Phy DF OF
1 Matthew Nieto 60 1 2 2
2 Kevin Labanc 40 1 2 2
Penalty Kill - 3 Players Defense
Defense Defense Time % Phy DF OF
1 Mathieu Brodeur Rasmus Andersson 60 1 2 2
2 Frank Corrado Greg Pateryn 40 1 2 2
4 vs 4 Forward
Center Wing Time % Phy DF OF
1 Victor Rask Matthew Nieto 60 1 2 2
2 Philip Varone Kevin Labanc 40 1 2 2
4 vs 4 Defense
Defense Defense Time % Phy DF OF
1 Mathieu Brodeur Rasmus Andersson 60 1 2 2
2 Frank Corrado Greg Pateryn 40 1 2 2
Last Minutes Offensive
Center Left Wing Right Wing Defense Defense
Philip Varone Matthew Nieto Kevin Labanc Mathieu Brodeur Rasmus Andersson
Last Minutes Defensive
Center Left Wing Right Wing Defense Defense
Philip Varone Matthew Nieto Kevin Labanc Mathieu Brodeur Rasmus Andersson
Goaltenders
Starting : Michael Hutchinson
Backup : Vitek Vanecek
Extra Forwards
Normal : Ryan Spooner, Nico Sturm, Peter Cehlarik - PP : Ryan Spooner, Nico Sturm - PK : Peter Cehlarik
Extra Defensemen
Normal : John Gilmour, Trevor Carrick, Frank Corrado - PP : John Gilmour - PK : Trevor Carrick, Frank Corrado
Penalty Shots
Matthew Nieto, Jake DeBrusk, Kevin Labanc, Evgeny Svechnikov, Victor Rask
Scratches
Alexander True (Healthy), Brandon Hickey (Healthy), Chris Brown (Healthy), Christian Jaros (Healthy), Dominik Masin (Healthy)
Petteri Lindbohm (Healthy), Ryan Donato (Healthy), Vladislav Kamenev (Healthy), Tage Thompson (Healthy), Radim Zohorna (Healthy)
Nathan Lieuwen (Healthy), Collin Delia (Healthy)
Reign
5 vs 5 Forward
Center Left Wing Right Wing Time % Phy DF OF
1 Nathan Gerbe Andreas Martinsen Tyler Pitlick 30 1 2 2
2 Rourke Chartier William Nylander Matthew Tkachuk 30 1 2 2
3 Jacob Josefson C.J Suess Phillip Danault 20 1 2 2
4 Joel Eriksson Ek Joachim Blichfeld Josh Anderson 20 1 2 2
5 vs 5 Defense
Defense Defense Time % Phy DF OF
1 Jordan Schmaltz Nikita Tryamkin 30 1 2 2
2 Dylan Blujus Thomas Chabot 30 1 2 2
3 Eric Gustafsson Jakob Chychrun 30 1 2 2
4 Logan Stanley Jack Dougherty 10 1 2 2
PowerPlay Forward
Center Left Wing Right Wing Time % Phy DF OF
1 Rourke Chartier William Nylander Matthew Tkachuk 60 1 2 2
2 Nathan Gerbe Andreas Martinsen Tyler Pitlick 40 1 2 2
PowerPlay Defense
Defense Defense Time % Phy DF OF
1 Thomas Chabot Jakob Chychrun 60 1 2 2
2 Jack Dougherty Eric Gustafsson 40 1 2 2
Penalty Kill 4 Players Forward
Center Wing Time % Phy DF OF
1 Joel Eriksson Ek Tyler Pitlick 60 1 2 2
2 Andreas Martinsen Phillip Danault 40 1 2 2
Penalty Kill 4 Players Defense
Defense Defense Time % Phy DF OF
1 Dylan Blujus Jordan Schmaltz 60 1 2 2
2 Nikita Tryamkin Thomas Chabot 40 1 2 2
Penalty Kill - 3 Players Forward
Forward Time % Phy DF OF
1 Andreas Martinsen 60 1 2 2
2 Tyler Pitlick 40 1 2 2
Penalty Kill - 3 Players Defense
Defense Defense Time % Phy DF OF
1 Dylan Blujus Jordan Schmaltz 60 1 2 2
2 Nikita Tryamkin Thomas Chabot 40 1 2 2
4 vs 4 Forward
Center Wing Time % Phy DF OF
1 William Nylander Tyler Pitlick 60 1 2 2
2 Rourke Chartier Matthew Tkachuk 40 1 2 2
4 vs 4 Defense
Defense Defense Time % Phy DF OF
1 Jordan Schmaltz Nikita Tryamkin 60 1 2 2
2 Dylan Blujus Thomas Chabot 40 1 2 2
Last Minutes Offensive
Center Left Wing Right Wing Defense Defense
Rourke Chartier William Nylander Tyler Pitlick Jakob Chychrun Thomas Chabot
Last Minutes Defensive
Center Left Wing Right Wing Defense Defense
Joel Eriksson Ek Andreas Martinsen Tyler Pitlick Dylan Blujus Jordan Schmaltz
Goaltenders
Starting : Cal Petersen
Backup : Jordan Binnington
Extra Forwards
Normal : C.J Suess, Andreas Martinsen, Joachim Blichfeld - PP : Joachim Blichfeld, Joel Eriksson Ek - PK : William Nylander
Extra Defensemen
Normal : Dylan Blujus, Thomas Chabot, Jakob Chychrun - PP : Nikita Tryamkin - PK : Thomas Chabot, Eric Gustafsson
Penalty Shots
Rourke Chartier, Nathan Gerbe, Phillip Danault, Tyler Pitlick, Joachim Blichfeld
Scratches
Adam Ollas-Mattsson (Healthy), Blake Lizotte (Healthy), Bokondji Imama (Healthy), Joel Vermin (Healthy), Timo Meier (Healthy)
Trevor Moore (Healthy), Michael Pezzetta (Healthy), Austin Czarnik (Healthy), Ilya Samsonov (Healthy), Sami Aittokallio (Healthy)
% Time on Ice - Heat
Lines # - Real PCT - Wanted PCT - Time Play
Normal Forward
1 - 39% - 40% - 17:39
2 - 24% - 30% - 10:41
3 - 22% - 20% - 9:52
4 - 15% - 10% - 6:35
Normal Defense
1 - 41% - 40% - 18:34
2 - 31% - 30% - 13:51
3 - 27% - 20% - 11:53
4 - 1% - 10% - 0:29
PP Forward
1 - 50% - 60% - 4:26
2 - 50% - 40% - 4:25
PP Defense
1 - 58% - 60% - 5:06
2 - 42% - 40% - 3:45
PK Forward
1 - 75% - 60% - 4:47
2 - 25% - 40% - 1:35
PK Defense
1 - 52% - 60% - 3:19
2 - 48% - 40% - 3:03
PK3 Forward
1 - 0% - 60%
2 - 0% - 40%
PK3 Defense
1 - 0% - 60%
2 - 0% - 40%
44 Forward
1 - 76% - 60% - 3:48
2 - 24% - 40% - 1:12
44 Defense
1 - 47% - 60% - 2:21
2 - 53% - 40% - 2:39
Last Minute Offensive - 0:00
Last Minute Defensive - 0:00
Total
Forward - 65:00
Defense - 65:00
|
% Time on Ice - Reign
Lines # - Real PCT - Wanted PCT - Time Play
Normal Forward
1 - 29% - 30% - 13:11
2 - 27% - 30% - 11:55
3 - 22% - 20% - 9:44
4 - 22% - 20% - 9:57
Normal Defense
1 - 29% - 30% - 13:00
2 - 29% - 30% - 13:03
3 - 30% - 30% - 13:34
4 - 12% - 10% - 5:10
PP Forward
1 - 53% - 60% - 3:24
2 - 47% - 40% - 2:58
PP Defense
1 - 53% - 60% - 3:21
2 - 47% - 40% - 3:01
PK Forward
1 - 72% - 60% - 6:23
2 - 28% - 40% - 2:28
PK Defense
1 - 55% - 60% - 4:50
2 - 45% - 40% - 4:01
PK3 Forward
1 - 0% - 60%
2 - 0% - 40%
PK3 Defense
1 - 0% - 60%
2 - 0% - 40%
44 Forward
1 - 72% - 60% - 3:35
2 - 28% - 40% - 1:25
44 Defense
1 - 53% - 60% - 2:38
2 - 47% - 40% - 2:22
Last Minute Offensive - 0:00
Last Minute Defensive - 0:00
Total
Forward - 65:00
Defense - 65:00
|
Play-by-Play
1st period
0:01 of 1st period - Philip Varone wins face-off versus Nathan Gerbe in neutral zone.
0:08 of 1st period - Wrist shot by Kevin Labanc.
0:08 of 1st period - Shot Blocked by Jordan Schmaltz.
0:26 of 1st period - Evgeny Svechnikov is hit by Matthew Tkachuk and loses puck.
0:56 of 1st period - Snap shot by Jacob Josefson.
0:56 of 1st period - Shot Misses the Net.
1:02 of 1st period - Eric Gustafsson is hit by Barclay Goodrow and loses puck.
1:17 of 1st period - Wrist shot by Philip Varone.
1:17 of 1st period - Stopped by Cal Petersen with a rebound.
1:19 of 1st period - Snap shot by Matthew Nieto.
1:19 of 1st period - Stopped by Cal Petersen with a rebound.
1:21 of 1st period - Wrist shot by Philip Varone.
1:21 of 1st period - Shot Misses the Net.
1:35 of 1st period - Snap shot by Joachim Blichfeld.
1:35 of 1st period - Shot Blocked by John Gilmour.
1:43 of 1st period - Slapshot by Eric Karlsson.
1:43 of 1st period - Shot Misses the Net.
2:20 of 1st period - John Gilmour is hit by Thomas Chabot and loses puck.
2:45 of 1st period - Wrist shot by Kevin Labanc.
2:45 of 1st period - Goal by Kevin Labanc - Heat : 1 - Reign : 0.
2:46 of 1st period - Philip Varone wins face-off versus Rourke Chartier in neutral zone.
3:34 of 1st period - Snap shot by Joachim Blichfeld.
3:34 of 1st period - Stopped by Michael Hutchinson with a rebound.
3:36 of 1st period - Wrist shot by Joachim Blichfeld.
3:36 of 1st period - Shot Misses the Net.
4:36 of 1st period - Victor Rask is hit by Dylan Blujus and loses puck.
4:45 of 1st period - Snap shot by Matthew Tkachuk.
4:45 of 1st period - Shot Misses the Net.
4:55 of 1st period - Trevor Carrick is hit by Andreas Martinsen and loses puck.
5:24 of 1st period - Peter Cehlarik is hit by Jordan Schmaltz and loses puck.
5:35 of 1st period - William Nylander is hit by Trevor Carrick and loses puck.
5:52 of 1st period - Jake DeBrusk is hit by Andreas Martinsen and loses puck.
6:02 of 1st period - Icing by Victor Rask.
6:03 of 1st period - Jacob Josefson wins face-off versus Victor Rask in Heat zone.
6:04 of 1st period - Slapshot by Phillip Danault.
6:04 of 1st period - Shot Misses the Net.
6:06 of 1st period - Wrist shot by Joel Eriksson Ek.
6:06 of 1st period - Shot Misses the Net.
6:14 of 1st period - Snap shot by Joachim Blichfeld.
6:14 of 1st period - Shot Misses the Net.
6:16 of 1st period - Wrist shot by Josh Anderson.
6:16 of 1st period - Shot Blocked by Trevor Carrick.
6:18 of 1st period - Wrist shot by Joel Eriksson Ek.
6:18 of 1st period - Stopped by Michael Hutchinson without a rebound.
6:19 of 1st period - Philip Varone wins face-off versus Rourke Chartier in Heat zone.
6:50 of 1st period - Wrist shot by Nathan Gerbe.
6:50 of 1st period - Stopped by Michael Hutchinson without a rebound.
6:51 of 1st period - Philip Varone wins face-off versus Nathan Gerbe in Heat zone.
6:51 of 1st period - Philip Varone is hit by Tyler Pitlick.
7:02 of 1st period - Off-side.
7:03 of 1st period - Philip Varone wins face-off versus Rourke Chartier in neutral zone.
7:17 of 1st period - Slapshot by Philip Varone.
7:17 of 1st period - Stopped by Cal Petersen with a rebound.
7:19 of 1st period - Snap shot by Matthew Nieto.
7:19 of 1st period - Deflect By Kevin Labanc.
7:19 of 1st period - Stopped by Cal Petersen with a rebound.
7:34 of 1st period - Snap shot by Peter Cehlarik.
7:34 of 1st period - Stopped by Cal Petersen with a rebound.
7:36 of 1st period - Slapshot by Mathieu Brodeur.
7:36 of 1st period - Shot Misses the Net.
7:38 of 1st period - Wrist shot by Mathieu Brodeur.
7:38 of 1st period - Stopped by Cal Petersen without a rebound.
7:39 of 1st period - Philip Varone wins face-off versus Nathan Gerbe in Reign zone.
7:43 of 1st period - Minor Penalty to Andreas Martinsen for Close Hand On Puck.
7:44 of 1st period - Victor Rask wins face-off versus Joel Eriksson Ek in Reign zone.
7:52 of 1st period - Snap shot by Kevin Labanc.
7:52 of 1st period - Shot Misses the Net.
8:42 of 1st period - Phillip Danault is hit by Philip Varone and loses puck.
9:43 of 1st period - Penalty to Andreas Martinsen is over, Andreas Martinsen is back on ice.
10:03 of 1st period - Minor Penalty to Rasmus Andersson for Hooking.
10:04 of 1st period - Rourke Chartier wins face-off versus Philip Varone in Heat zone.
10:08 of 1st period - Snap shot by William Nylander.
10:08 of 1st period - Shot Blocked by Jake DeBrusk.
10:30 of 1st period - Slapshot by Andreas Martinsen.
10:30 of 1st period - Shot Misses the Net.
10:32 of 1st period - Slapshot by Eric Gustafsson.
10:32 of 1st period - Deflect By Frank Corrado.
10:32 of 1st period - Stopped by Michael Hutchinson without a rebound.
10:33 of 1st period - Nathan Gerbe wins face-off versus Philip Varone in Heat zone.
10:52 of 1st period - Mathieu Brodeur is hit by Eric Gustafsson and loses puck.
11:05 of 1st period - Snap shot by Andreas Martinsen.
11:05 of 1st period - Stopped by Michael Hutchinson without a rebound.
11:06 of 1st period - Philip Varone wins face-off versus Rourke Chartier in Heat zone.
12:03 of 1st period - Penalty to Rasmus Andersson is over, Rasmus Andersson is back on ice.
12:10 of 1st period - Snap shot by Ryan Spooner.
12:10 of 1st period - Shot Misses the Net.
12:28 of 1st period - Slapshot by Eric Gustafsson.
12:28 of 1st period - Stopped by Michael Hutchinson with a rebound.
12:30 of 1st period - Slapshot by Jack Dougherty.
12:30 of 1st period - Deflect By Jacob Josefson.
12:30 of 1st period - Shot Misses the Net.
12:30 of 1st period - Puck is out of play.
12:31 of 1st period - C.J Suess wins face-off versus Eric Karlsson in Heat zone.
12:36 of 1st period - Snap shot by C.J Suess.
12:36 of 1st period - Stopped by Michael Hutchinson with a rebound.
12:38 of 1st period - Slapshot by Jordan Schmaltz.
12:38 of 1st period - Deflect By Mathieu Brodeur.
12:38 of 1st period - Stopped by Michael Hutchinson without a rebound.
12:39 of 1st period - Rourke Chartier wins face-off versus Ryan Spooner in Heat zone.
12:48 of 1st period - Snap shot by William Nylander.
12:48 of 1st period - Shot Misses the Net.
12:50 of 1st period - Slapshot by Jordan Schmaltz.
12:50 of 1st period - Shot Blocked by Mathieu Brodeur.
13:06 of 1st period - Nikita Tryamkin is hit by Mathieu Brodeur and loses puck.
13:15 of 1st period - Snap shot by Matthew Nieto.
13:15 of 1st period - Stopped by Cal Petersen without a rebound.
13:16 of 1st period - Victor Rask wins face-off versus Rourke Chartier in Reign zone.
13:47 of 1st period - Wrist shot by Matthew Nieto.
13:47 of 1st period - Deflect By Philip Varone.
13:47 of 1st period - Shot Misses the Net.
13:47 of 1st period - Puck is out of play.
13:48 of 1st period - Jacob Josefson wins face-off versus Philip Varone in Reign zone.
13:48 of 1st period - Jacob Josefson is hit by Kevin Labanc.
14:00 of 1st period - Snap shot by Phillip Danault.
14:00 of 1st period - Deflect By C.J Suess.
14:00 of 1st period - Shot Misses the Net.
14:00 of 1st period - Puck is out of play.
14:01 of 1st period - Philip Varone wins face-off versus Rourke Chartier in Heat zone.
14:01 of 1st period - Philip Varone is hit by Matthew Tkachuk.
14:18 of 1st period - Minor Penalty to William Nylander for Tripping.
14:19 of 1st period - Tyler Pitlick wins face-off versus Victor Rask in Reign zone.
14:57 of 1st period - Off-side.
14:58 of 1st period - Andreas Martinsen wins face-off versus Philip Varone in neutral zone.
15:03 of 1st period - Snap shot by Andreas Martinsen.
15:03 of 1st period - Deflect By Phillip Danault.
15:03 of 1st period - Shot Blocked by Rasmus Andersson.
15:03 of 1st period - Puck is out of play.
15:04 of 1st period - Joel Eriksson Ek wins face-off versus Philip Varone in Heat zone.
15:13 of 1st period - Slapshot by Philip Varone.
15:13 of 1st period - Goal by Philip Varone - Heat : 2 - Reign : 0.
15:14 of 1st period - Tyler Pitlick wins face-off versus Philip Varone in neutral zone.
15:23 of 1st period - Snap shot by Andreas Martinsen.
15:23 of 1st period - Shot Misses the Net.
15:44 of 1st period - Slapshot by Jake DeBrusk.
15:44 of 1st period - Stopped by Cal Petersen without a rebound.
15:45 of 1st period - Evgeny Svechnikov wins face-off versus Matthew Tkachuk in Reign zone.
16:18 of 1st period - Icing by Nikita Tryamkin.
16:19 of 1st period - Philip Varone wins face-off versus Joel Eriksson Ek in Reign zone.
16:27 of 1st period - Minor Penalty to Philip Varone for Holding.
16:28 of 1st period - Peter Cehlarik wins face-off versus Rourke Chartier in Heat zone.
16:53 of 1st period - Rasmus Andersson is hit by Nathan Gerbe and loses puck.
18:27 of 1st period - Penalty to Philip Varone is over, Philip Varone is back on ice.
19:53 of 1st period - Jack Dougherty is hit by Victor Rask.
Goals for this period are 2 for Heat vs 0 for Reign.
Shots for this period are 10 for Heat vs 8 for Reign.
2nd period
0:01 of 2nd period - Rourke Chartier wins face-off versus Philip Varone in neutral zone.
0:13 of 2nd period - Matthew Tkachuk is hit by Matthew Nieto and loses puck.
0:26 of 2nd period - Andreas Martinsen is hit by Mathieu Brodeur and loses puck.
0:33 of 2nd period - Snap shot by Jake DeBrusk.
0:33 of 2nd period - Stopped by Cal Petersen with a rebound.
0:47 of 2nd period - Snap shot by Ryan Spooner.
0:47 of 2nd period - Shot Misses the Net.
0:49 of 2nd period - Slapshot by Frank Corrado.
0:49 of 2nd period - Stopped by Cal Petersen with a rebound.
0:51 of 2nd period - Backhand shot by Greg Pateryn.
0:51 of 2nd period - Stopped by Cal Petersen with a rebound.
0:53 of 2nd period - Slapshot by Trevor Carrick.
0:53 of 2nd period - Stopped by Cal Petersen with a rebound.
1:24 of 2nd period - Josh Anderson is hit by John Gilmour and loses puck.
1:37 of 2nd period - Kevin Labanc is hit by Rourke Chartier and loses puck.
2:46 of 2nd period - Wrist shot by Philip Varone.
2:46 of 2nd period - Stopped by Cal Petersen with a rebound.
3:06 of 2nd period - Slapshot by Peter Cehlarik.
3:06 of 2nd period - Shot Blocked by Dylan Blujus.
3:44 of 2nd period - C.J Suess is hit by Eric Karlsson and loses puck.
4:58 of 2nd period - Off-side.
4:59 of 2nd period - Jacob Josefson wins face-off versus Nico Sturm in neutral zone.
5:02 of 2nd period - Snap shot by C.J Suess.
5:02 of 2nd period - Shot Misses the Net.
5:14 of 2nd period - Snap shot by C.J Suess.
5:14 of 2nd period - Stopped by Michael Hutchinson without a rebound.
5:15 of 2nd period - Rourke Chartier wins face-off versus Philip Varone in Heat zone.
5:18 of 2nd period - Slapshot by Rourke Chartier.
5:18 of 2nd period - Deflect By William Nylander.
5:18 of 2nd period - Stopped by Michael Hutchinson with a rebound.
5:28 of 2nd period - Wrist shot by Kevin Labanc.
5:28 of 2nd period - Shot Misses the Net.
5:30 of 2nd period - Slapshot by Greg Pateryn.
5:30 of 2nd period - Shot Blocked by Matthew Tkachuk.
5:40 of 2nd period - Matthew Tkachuk is hit by Barclay Goodrow.
5:48 of 2nd period - Wrist shot by Rourke Chartier.
5:48 of 2nd period - Stopped by Michael Hutchinson with a rebound.
5:54 of 2nd period - Wrist shot by Rourke Chartier.
5:54 of 2nd period - Shot Misses the Net.
6:18 of 2nd period - Slapshot by Matthew Tkachuk.
6:18 of 2nd period - Shot Blocked by Jesper Bratt.
6:26 of 2nd period - Wrist shot by William Nylander.
6:26 of 2nd period - Goal by William Nylander - Heat : 2 - Reign : 1.
6:27 of 2nd period - Philip Varone wins face-off versus Nathan Gerbe in neutral zone.
6:32 of 2nd period - Wrist shot by Kevin Labanc.
6:32 of 2nd period - Shot Misses the Net.
7:02 of 2nd period - Minor Penalty to Greg Pateryn for Holding Stick.
7:03 of 2nd period - Philip Varone wins face-off versus Rourke Chartier in Heat zone.
7:33 of 2nd period - Slapshot by Jakob Chychrun.
7:33 of 2nd period - Shot Blocked by Frank Corrado.
7:35 of 2nd period - Snap shot by Nathan Gerbe.
7:35 of 2nd period - Stopped by Michael Hutchinson with a rebound.
7:37 of 2nd period - Slapshot by Jakob Chychrun.
7:37 of 2nd period - Shot Misses the Net.
9:02 of 2nd period - Penalty to Greg Pateryn is over, Greg Pateryn is back on ice.
9:18 of 2nd period - Snap shot by Peter Cehlarik.
9:18 of 2nd period - Stopped by Cal Petersen with a rebound.
9:40 of 2nd period - Off-side.
9:41 of 2nd period - Jacob Josefson wins face-off versus Philip Varone in neutral zone.
10:06 of 2nd period - Kevin Labanc is hit by Josh Anderson and loses puck.
10:17 of 2nd period - Slapshot by Joel Eriksson Ek.
10:17 of 2nd period - Shot Misses the Net.
10:25 of 2nd period - Slapshot by Kevin Labanc.
10:25 of 2nd period - Shot Misses the Net.
10:27 of 2nd period - Snap shot by John Gilmour.
10:27 of 2nd period - Stopped by Cal Petersen without a rebound.
10:28 of 2nd period - Rourke Chartier wins face-off versus Victor Rask in Reign zone.
10:35 of 2nd period - Slapshot by Jakob Chychrun.
10:35 of 2nd period - Shot Misses the Net.
11:32 of 2nd period - Josh Anderson is hit by Greg Pateryn and loses puck.
11:51 of 2nd period - Snap shot by Matthew Tkachuk.
11:51 of 2nd period - Shot Misses the Net.
11:53 of 2nd period - Wrist shot by William Nylander.
11:53 of 2nd period - Stopped by Michael Hutchinson without a rebound.
11:54 of 2nd period - Philip Varone wins face-off versus Rourke Chartier in Heat zone.
12:08 of 2nd period - Off-side.
12:09 of 2nd period - Victor Rask wins face-off versus Nathan Gerbe in neutral zone.
12:16 of 2nd period - Slapshot by Jake DeBrusk.
12:16 of 2nd period - Stopped by Cal Petersen with a rebound.
12:20 of 2nd period - Snap shot by Jake DeBrusk.
12:20 of 2nd period - Stopped by Cal Petersen with a rebound.
12:22 of 2nd period - Snap shot by Evgeny Svechnikov.
12:22 of 2nd period - Stopped by Cal Petersen with a rebound.
12:24 of 2nd period - Wrist shot by Jake DeBrusk.
12:24 of 2nd period - Deflect By Dylan Blujus.
12:24 of 2nd period - Shot Hit the Post.
12:24 of 2nd period - Puck is out of play.
12:25 of 2nd period - Philip Varone wins face-off versus Rourke Chartier in Reign zone.
12:36 of 2nd period - Wrist shot by Philip Varone.
12:36 of 2nd period - Stopped by Cal Petersen with a rebound.
13:13 of 2nd period - Frank Corrado is hit by Nikita Tryamkin and loses puck.
13:22 of 2nd period - Slapshot by Victor Rask.
13:22 of 2nd period - Stopped by Cal Petersen without a rebound.
13:23 of 2nd period - Philip Varone wins face-off versus Jacob Josefson in Reign zone.
13:24 of 2nd period - Wrist shot by Kevin Labanc.
13:24 of 2nd period - Shot Misses the Net.
13:40 of 2nd period - Minor Penalty to Thomas Chabot for Interference.
13:41 of 2nd period - Victor Rask wins face-off versus Joel Eriksson Ek in Reign zone.
14:39 of 2nd period - Philip Varone is hit by Eric Gustafsson and loses puck.
15:40 of 2nd period - Penalty to Thomas Chabot is over, Thomas Chabot is back on ice.
16:03 of 2nd period - Ryan Spooner is hit by Rourke Chartier and loses puck.
16:16 of 2nd period - Wrist shot by Jesper Bratt.
16:16 of 2nd period - Shot Misses the Net.
16:18 of 2nd period - Slapshot by Greg Pateryn.
16:18 of 2nd period - Deflect By Jesper Bratt.
16:18 of 2nd period - Deflect By Jack Dougherty.
16:18 of 2nd period - Shot Blocked by Joachim Blichfeld.
16:18 of 2nd period - Puck is out of play.
16:19 of 2nd period - Nico Sturm wins face-off versus Jacob Josefson in Reign zone.
16:22 of 2nd period - Snap shot by Jesper Bratt.
16:22 of 2nd period - Stopped by Cal Petersen with a rebound.
16:24 of 2nd period - Slapshot by Trevor Carrick.
16:24 of 2nd period - Shot Blocked by Thomas Chabot.
16:26 of 2nd period - Wrist shot by Nico Sturm.
16:26 of 2nd period - Shot Blocked by Dylan Blujus.
16:28 of 2nd period - Slapshot by Trevor Carrick.
16:28 of 2nd period - Shot Misses the Net.
16:30 of 2nd period - Snap shot by Nico Sturm.
16:30 of 2nd period - Stopped by Cal Petersen with a rebound.
16:32 of 2nd period - Snap shot by Nico Sturm.
16:32 of 2nd period - Shot Misses the Net.
16:34 of 2nd period - Slapshot by John Gilmour.
16:34 of 2nd period - Shot Blocked by Dylan Blujus.
16:38 of 2nd period - Snap shot by Eric Karlsson.
16:38 of 2nd period - Stopped by Cal Petersen with a rebound.
16:40 of 2nd period - Wrist shot by Nico Sturm.
16:40 of 2nd period - Shot Blocked by Dylan Blujus.
16:58 of 2nd period - Slapshot by Rasmus Andersson.
16:58 of 2nd period - Shot Blocked by Nathan Gerbe.
17:00 of 2nd period - Snap shot by Kevin Labanc.
17:00 of 2nd period - Shot Misses the Net.
17:40 of 2nd period - Slapshot by Thomas Chabot.
17:40 of 2nd period - Stopped by Michael Hutchinson with a rebound.
17:58 of 2nd period - Jakob Chychrun is hit by Philip Varone and loses puck.
18:19 of 2nd period - Wrist shot by Nico Sturm.
18:19 of 2nd period - Shot Misses the Net.
18:21 of 2nd period - Slapshot by Mathieu Brodeur.
18:21 of 2nd period - Stopped by Cal Petersen without a rebound.
18:22 of 2nd period - Nico Sturm wins face-off versus Nathan Gerbe in Reign zone.
18:23 of 2nd period - Slapshot by Rasmus Andersson.
18:23 of 2nd period - Deflect By Eric Karlsson.
18:23 of 2nd period - Shot Blocked by Andreas Martinsen.
18:23 of 2nd period - Puck is out of play.
18:24 of 2nd period - Nathan Gerbe wins face-off versus Philip Varone in Reign zone.
18:33 of 2nd period - Slapshot by Tyler Pitlick.
18:33 of 2nd period - Shot Misses the Net.
18:35 of 2nd period - Wrist shot by Jordan Schmaltz.
18:35 of 2nd period - Shot Misses the Net.
18:37 of 2nd period - Slapshot by Tyler Pitlick.
18:37 of 2nd period - Stopped by Michael Hutchinson with a rebound.
18:39 of 2nd period - Snap shot by Jordan Schmaltz.
18:39 of 2nd period - Shot Misses the Net.
18:41 of 2nd period - Slapshot by Nathan Gerbe.
18:41 of 2nd period - Shot Misses the Net.
19:17 of 2nd period - Slapshot by William Nylander.
19:17 of 2nd period - Goal by William Nylander - Heat : 2 - Reign : 2.
19:18 of 2nd period - Tyler Pitlick wins face-off versus Philip Varone in neutral zone.
19:33 of 2nd period - Snap shot by Andreas Martinsen.
19:33 of 2nd period - Shot Blocked by Matthew Nieto.
19:54 of 2nd period - Minor Penalty to Greg Pateryn for High sticking.
19:55 of 2nd period - Philip Varone wins face-off versus Rourke Chartier in Heat zone.
Goals for this period are 0 for Heat vs 2 for Reign.
Shots for this period are 16 for Heat vs 9 for Reign.
3rd period
0:01 of 3rd period - Rourke Chartier wins face-off versus Philip Varone in neutral zone.
0:09 of 3rd period - Slapshot by Thomas Chabot.
0:09 of 3rd period - Deflect By William Nylander.
0:09 of 3rd period - Goal by William Nylander - Heat : 2 - Reign : 3.
0:10 of 3rd period - Philip Varone wins face-off versus Nathan Gerbe in neutral zone.
0:17 of 3rd period - Mathieu Brodeur is hit by Eric Gustafsson.
1:36 of 3rd period - Tyler Pitlick is hit by Matthew Nieto and loses puck.
2:55 of 3rd period - Icing by Eric Gustafsson.
2:56 of 3rd period - Philip Varone wins face-off versus Joel Eriksson Ek in Reign zone.
3:05 of 3rd period - Wrist shot by Joachim Blichfeld.
3:05 of 3rd period - Shot Misses the Net.
3:07 of 3rd period - Snap shot by Josh Anderson.
3:07 of 3rd period - Shot Misses the Net.
3:13 of 3rd period - Slapshot by Joachim Blichfeld.
3:13 of 3rd period - Shot Misses the Net.
3:25 of 3rd period - Wrist shot by Joachim Blichfeld.
3:25 of 3rd period - Shot Blocked by Trevor Carrick.
3:29 of 3rd period - Slapshot by Eric Gustafsson.
3:29 of 3rd period - Stopped by Michael Hutchinson with a rebound.
3:31 of 3rd period - Snap shot by Jakob Chychrun.
3:31 of 3rd period - Stopped by Michael Hutchinson with a rebound.
3:33 of 3rd period - Slapshot by Jakob Chychrun.
3:33 of 3rd period - Deflect By Kevin Labanc.
3:33 of 3rd period - Stopped by Michael Hutchinson with a rebound.
3:49 of 3rd period - Slapshot by Philip Varone.
3:49 of 3rd period - Stopped by Cal Petersen with a rebound.
3:51 of 3rd period - Minor Penalty to Jakob Chychrun for Roughing.
3:52 of 3rd period - Andreas Martinsen wins face-off versus Philip Varone in Reign zone.
4:48 of 3rd period - Tyler Pitlick is hit by Philip Varone and loses puck.
5:51 of 3rd period - Penalty to Jakob Chychrun is over, Jakob Chychrun is back on ice.
5:59 of 3rd period - Greg Pateryn is hit by Jack Dougherty and loses puck.
6:22 of 3rd period - Wrist shot by Peter Cehlarik.
6:22 of 3rd period - Stopped by Cal Petersen without a rebound.
6:23 of 3rd period - Nico Sturm wins face-off versus Josh Anderson in Reign zone.
6:24 of 3rd period - Snap shot by Jesper Bratt.
6:24 of 3rd period - Stopped by Cal Petersen with a rebound.
6:26 of 3rd period - Snap shot by Nico Sturm.
6:26 of 3rd period - Deflect By Eric Karlsson.
6:26 of 3rd period - Shot Misses the Net.
6:26 of 3rd period - Puck is out of play.
6:27 of 3rd period - Nico Sturm wins face-off versus Joel Eriksson Ek in Reign zone.
6:35 of 3rd period - Minor Penalty to Eric Gustafsson for High sticking.
6:36 of 3rd period - Joel Eriksson Ek wins face-off versus Kevin Labanc in Reign zone.
8:35 of 3rd period - Penalty to Eric Gustafsson is over, Eric Gustafsson is back on ice.
8:37 of 3rd period - Eric Gustafsson is hit by Nico Sturm and loses puck.
8:42 of 3rd period - Snap shot by Nico Sturm.
8:42 of 3rd period - Shot Misses the Net.
8:50 of 3rd period - Trevor Carrick is hit by C.J Suess and loses puck.
8:55 of 3rd period - Snap shot by Eric Gustafsson.
8:55 of 3rd period - Shot Misses the Net.
9:05 of 3rd period - Jordan Schmaltz is hit by Barclay Goodrow and loses puck.
9:12 of 3rd period - Slapshot by Dylan Blujus.
9:12 of 3rd period - Shot Blocked by Trevor Carrick.
9:47 of 3rd period - Slapshot by Nico Sturm.
9:47 of 3rd period - Shot Misses the Net.
9:55 of 3rd period - Wrist shot by Barclay Goodrow.
9:55 of 3rd period - Shot Blocked by Logan Stanley.
9:57 of 3rd period - Snap shot by Mathieu Brodeur.
9:57 of 3rd period - Stopped by Cal Petersen with a rebound.
10:05 of 3rd period - Snap shot by Ryan Spooner.
10:05 of 3rd period - Shot Blocked by Jacob Josefson.
10:07 of 3rd period - Slapshot by Greg Pateryn.
10:07 of 3rd period - Shot Misses the Net.
10:09 of 3rd period - Slapshot by Frank Corrado.
10:09 of 3rd period - Deflect By Barclay Goodrow.
10:09 of 3rd period - Stopped by Cal Petersen with a rebound.
10:15 of 3rd period - Snap shot by Barclay Goodrow.
10:15 of 3rd period - Shot Blocked by Jack Dougherty.
10:17 of 3rd period - Wrist shot by Barclay Goodrow.
10:17 of 3rd period - Shot Misses the Net.
10:19 of 3rd period - Snap shot by Greg Pateryn.
10:19 of 3rd period - Stopped by Cal Petersen with a rebound.
10:21 of 3rd period - Slapshot by Nico Sturm.
10:21 of 3rd period - Shot Misses the Net.
10:23 of 3rd period - Snap shot by Greg Pateryn.
10:23 of 3rd period - Stopped by Cal Petersen with a rebound.
10:25 of 3rd period - Slapshot by Rasmus Andersson.
10:25 of 3rd period - Stopped by Cal Petersen with a rebound.
10:27 of 3rd period - Snap shot by Nico Sturm.
10:27 of 3rd period - Shot Blocked by C.J Suess.
10:29 of 3rd period - Slapshot by Mathieu Brodeur.
10:29 of 3rd period - Deflect By Eric Gustafsson.
10:29 of 3rd period - Stopped by Cal Petersen without a rebound.
10:30 of 3rd period - Victor Rask wins face-off versus Rourke Chartier in Reign zone.
10:34 of 3rd period - Icing by Matthew Tkachuk.
10:35 of 3rd period - Victor Rask wins face-off versus Rourke Chartier in Reign zone.
10:36 of 3rd period - Wrist shot by Jake DeBrusk.
10:36 of 3rd period - Deflect By Victor Rask.
10:36 of 3rd period - Stopped by Cal Petersen without a rebound.
10:37 of 3rd period - Victor Rask wins face-off versus Rourke Chartier in Reign zone.
10:38 of 3rd period - Snap shot by Jake DeBrusk.
10:38 of 3rd period - Deflect By Victor Rask.
10:38 of 3rd period - Goal by Victor Rask - Heat : 3 - Reign : 3.
10:39 of 3rd period - Rourke Chartier wins face-off versus Victor Rask in neutral zone.
10:47 of 3rd period - Jake DeBrusk is hit by Dylan Blujus and loses puck.
11:21 of 3rd period - Wrist shot by Tyler Pitlick.
11:21 of 3rd period - Shot Misses the Net.
12:15 of 3rd period - Slapshot by Nico Sturm.
12:15 of 3rd period - Shot Misses the Net.
12:46 of 3rd period - C.J Suess is hit by Ryan Spooner and loses puck.
13:20 of 3rd period - Snap shot by Thomas Chabot.
13:20 of 3rd period - Deflect By Andreas Martinsen.
13:20 of 3rd period - Shot Misses the Net.
13:20 of 3rd period - Puck is out of play.
13:21 of 3rd period - Philip Varone wins face-off versus Nathan Gerbe in Heat zone.
13:26 of 3rd period - Snap shot by Matthew Nieto.
13:26 of 3rd period - Stopped by Cal Petersen with a rebound.
13:48 of 3rd period - Jake DeBrusk is hit by Phillip Danault and loses puck.
14:15 of 3rd period - Snap shot by Rasmus Andersson.
14:15 of 3rd period - Shot Blocked by Thomas Chabot.
14:17 of 3rd period - Wrist shot by Eric Karlsson.
14:17 of 3rd period - Shot Misses the Net.
14:19 of 3rd period - Snap shot by Eric Karlsson.
14:19 of 3rd period - Goal by Eric Karlsson - Heat : 4 - Reign : 3.
14:20 of 3rd period - Philip Varone wins face-off versus Rourke Chartier in neutral zone.
14:58 of 3rd period - Slapshot by Kevin Labanc.
14:58 of 3rd period - Shot Misses the Net.
15:08 of 3rd period - Wrist shot by Philip Varone.
15:08 of 3rd period - Stopped by Cal Petersen with a rebound.
15:34 of 3rd period - Snap shot by Matthew Nieto.
15:34 of 3rd period - Stopped by Cal Petersen with a rebound.
15:42 of 3rd period - Wrist shot by Kevin Labanc.
15:42 of 3rd period - Shot Blocked by Jordan Schmaltz.
15:56 of 3rd period - Snap shot by Kevin Labanc.
15:56 of 3rd period - Stopped by Cal Petersen with a rebound.
16:14 of 3rd period - Wrist shot by Matthew Nieto.
16:14 of 3rd period - Stopped by Cal Petersen without a rebound.
16:15 of 3rd period - Joel Eriksson Ek wins face-off versus Ryan Spooner in Reign zone.
16:34 of 3rd period - Peter Cehlarik is hit by Dylan Blujus and loses puck.
16:51 of 3rd period - Wrist shot by Nathan Gerbe.
16:51 of 3rd period - Stopped by Michael Hutchinson without a rebound.
16:52 of 3rd period - Nathan Gerbe wins face-off versus Victor Rask in Heat zone.
17:19 of 3rd period - Wrist shot by William Nylander.
17:19 of 3rd period - Shot Misses the Net.
17:21 of 3rd period - Snap shot by Matthew Tkachuk.
17:21 of 3rd period - Stopped by Michael Hutchinson with a rebound.
17:25 of 3rd period - Wrist shot by Matthew Tkachuk.
17:25 of 3rd period - Goal by Matthew Tkachuk - Heat : 4 - Reign : 4.
17:26 of 3rd period - Joel Eriksson Ek wins face-off versus Ryan Spooner in neutral zone.
17:37 of 3rd period - Icing by Dylan Blujus.
17:38 of 3rd period - Ryan Spooner wins face-off versus Joel Eriksson Ek in Reign zone.
17:47 of 3rd period - Snap shot by Ryan Spooner.
17:47 of 3rd period - Stopped by Cal Petersen without a rebound.
17:48 of 3rd period - Ryan Spooner wins face-off versus Jacob Josefson in Reign zone.
17:49 of 3rd period - Slapshot by Rasmus Andersson.
17:49 of 3rd period - Stopped by Cal Petersen with a rebound.
17:51 of 3rd period - Slapshot by Peter Cehlarik.
17:51 of 3rd period - Goal by Peter Cehlarik - Heat : 5 - Reign : 4.
17:52 of 3rd period - Jacob Josefson wins face-off versus Ryan Spooner in neutral zone.
18:06 of 3rd period - Minor Penalty to Barclay Goodrow for Delaying the game.
18:07 of 3rd period - Philip Varone wins face-off versus Rourke Chartier in Heat zone.
18:07 of 3rd period - Philip Varone is hit by Matthew Tkachuk.
18:16 of 3rd period - Slapshot by Thomas Chabot.
18:16 of 3rd period - Goal by Thomas Chabot - Heat : 5 - Reign : 5.
18:17 of 3rd period - Ryan Spooner wins face-off versus Jacob Josefson in neutral zone.
18:22 of 3rd period - Jacob Josefson is hit by Mathieu Brodeur and loses puck.
19:25 of 3rd period - Nathan Gerbe is hit by Philip Varone.
Goals for this period are 3 for Heat vs 3 for Reign.
Shots for this period are 20 for Heat vs 8 for Reign.
Overtime #1
0:01 of 1st overtime period - Victor Rask wins face-off versus William Nylander in neutral zone.
1:12 of 1st overtime period - Greg Pateryn is hit by Andreas Martinsen and loses puck.
1:53 of 1st overtime period - Greg Pateryn is hit by Rourke Chartier and loses puck.
2:15 of 1st overtime period - Rasmus Andersson is hit by Andreas Martinsen and loses puck.
3:10 of 1st overtime period - John Gilmour is hit by Matthew Tkachuk and loses puck.
4:49 of 1st overtime period - Eric Gustafsson is hit by Nico Sturm and loses puck.
Goals for this period are 0 for Heat vs 0 for Reign.
Shots for this period are 0 for Heat vs 0 for Reign.
ShootOut
5:00 of 1st overtime period - Round #1.
5:00 of 1st overtime period - Heat, Matthew Nieto.
5:00 of 1st overtime period - Wrist shot by Matthew Nieto.
5:00 of 1st overtime period - Shot Misses the Net.
5:00 of 1st overtime period - Reign, Rourke Chartier.
5:00 of 1st overtime period - Backhand shot by Rourke Chartier.
5:00 of 1st overtime period - Shot Misses the Net.
5:00 of 1st overtime period - Round #2.
5:00 of 1st overtime period - Heat, Jake DeBrusk.
5:00 of 1st overtime period - Wrist shot by Jake DeBrusk.
5:00 of 1st overtime period - Stopped by Cal Petersen.
5:00 of 1st overtime period - Reign, Nathan Gerbe.
5:00 of 1st overtime period - Snap shot by Nathan Gerbe.
5:00 of 1st overtime period - Shot Misses the Net.
5:00 of 1st overtime period - Round #3.
5:00 of 1st overtime period - Heat, Kevin Labanc.
5:00 of 1st overtime period - Wrist shot by Kevin Labanc.
5:00 of 1st overtime period - Shot Misses the Net.
5:00 of 1st overtime period - Reign, Phillip Danault.
5:00 of 1st overtime period - Wrist shot by Phillip Danault.
5:00 of 1st overtime period - Stopped by Michael Hutchinson.
5:00 of 1st overtime period - Round #4.
5:00 of 1st overtime period - Heat, Evgeny Svechnikov.
5:00 of 1st overtime period - Backhand shot by Evgeny Svechnikov.
5:00 of 1st overtime period - Stopped by Cal Petersen.
5:00 of 1st overtime period - Reign, Tyler Pitlick.
5:00 of 1st overtime period - Wrist shot by Tyler Pitlick.
5:00 of 1st overtime period - Goal by Tyler Pitlick.